Map: Metropolis LE

Players

TimeTwist - Winner!

  • Race: Zerg Zerg
  • Spawn Location: 12:00

Scaramanga - Winner!

  • Race: Terran Terran
  • Spawn Location: 3:00

dallaskuken

  • Race: Protoss Protoss
  • League: Silver
  • Spawn Location: 9:00

Loken

  • Race: Protoss Protoss
  • Spawn Location: 6:00

VOD

Have the link to the VOD?

Description

Time

  • Played on: March 8, 2017, 5:26 p.m.
  • Length: 8:14
Show
View Real Time Build Order
Export as new Build Order

TimeTwist Zerg - Winner!

Build Orders: Pool First 

Get SALT Encoding   

  12  0:01  Drone  
  13  0:12  Overlord  
  13  0:17  Drone  
  14  0:24  Extractor  
  14  0:25  Drone  
  14  0:31  Drone  
  14  0:35  Drone  
  16  0:45  Drone  
  17  0:54  Spawning Pool  
  17  0:56  Drone  
  17  1:09  Drone  
  18  1:19  Drone  
  19  1:30  Hatchery  
  18  1:41  Metabolic Boost  
  18  1:43  Queen  
  20  1:50  Overlord  
  20  1:57  Zergling x2  
  20  1:58  Zergling x2  
  22  2:09  Zergling x2  
  22  2:13  Zergling x2  
  24  2:20  Queen  
  26  2:30  Zergling x2  
  27  2:53  Queen  
  28  3:06  Zergling x12  
  34  3:27  Drone  
  34  3:29  Overlord x2  
  34  3:30  Lair  
  35  3:47  Overlord  
  35  3:49  Drone x2  
  35  3:50  Drone x4  
  41  4:22  Zergling x6  
  41  4:23  Drone x3, Overlord  
  41  4:24  Drone x2  
  45  4:33  Zergling x2  
  42  4:46  Extractor  
  42  4:52  Drone x2, Extractor  
  41  4:53  Drone x2, Extractor  
  42  5:18  Drone  
  42  5:19  Drone x3  
  45  5:39  Zergling x8  
  45  5:40  Zergling x6  
  52  5:59  Spire  
  52  6:00  Spore Crawler  
  52  6:01  Spore Crawler  
  48  6:20  Overlord  
  48  6:21  Drone x5  
  48  6:22  Drone  
  48  6:24  Hatchery  
  48  6:25  Hatchery  
  52  6:44  Zergling x6  
  52  6:45  Zergling x8  
  57  7:04  Zergling x8  
  57  7:05  Zergling x2  
  58  7:32  Mutalisk x4  
  58  7:33  Mutalisk x5, Evolution Chamber  
  58  7:35  Evolution Chamber  
  74  7:42  Drone  
  74  7:43  Drone  
  78  7:46  Drone  
Show
View Real Time Build Order
Export as new Build Order

Scaramanga Terran - Winner!

Build Orders: Reaper Expand, MMM Bio 

Get SALT Encoding   

  12  0:01  SCV  
  13  0:13  SCV  
  14  0:18  Supply Depot  
  14  0:25  SCV  
  15  0:40  SCV  
  15  0:42  Barracks  
  16  0:52  SCV  
  16  0:53  Refinery  
  17  1:04  SCV  
  18  1:16  SCV  
  18  1:28  SCV  
  18  1:31  Supply Depot  
  19  1:42  Barracks Tech Lab  
  19  1:43  Orbital Command  
  19  1:53  Command Center  
  19  2:01  Reaper  
  20  2:08  SCV  
  21  2:18  Barracks  
  21  2:20  SCV  
  22  2:29  Barracks  
  22  2:31  Refinery  
  22  2:32  SCV  
  23  2:37  Marine  
  23  2:39  Combat Shields  
  24  2:45  SCV  
  25  2:57  SCV  
  26  3:08  Orbital Command  
  26  3:10  Marauder  
  26  3:11  Marine  
  29  3:19  Factory  
  29  3:20  Marine  
  30  3:29  Marine  
  30  3:31  Marauder  
  33  3:35  Orbital Command  
  33  3:38  Marine  
  34  3:43  Bunker  
  34  3:47  Marine  
  35  3:52  Marine  
  35  3:53  SCV  
  37  3:55  Marine  
  38  4:05  SCV  
  38  4:06  SCV  
  40  4:10  Marauder  
  40  4:12  Factory Tech Lab  
  40  4:14  Factory Reactor  
  42  4:17  SCV, Starport  
  42  4:19  Marine x2  
  45  4:27  Concussive Shells  
  45  4:31  Marine  
  45  4:34  Refinery  
  46  4:42  Marine x2  
  48  4:45  Supply Depot  
  48  4:48  Supply Depot  
  48  4:49  Engineering Bay  
  48  4:50  Marauder  
  48  4:51  SCV x2  
  52  5:03  SCV x2  
  54  5:12  Marauder  
  54  5:14  Stimpack  
  58  5:15  SCV x2, Barracks Tech Lab  
  58  5:18  Barracks Reactor  
  58  5:19  Factory Tech Lab  
  58  5:26  Terran Infantry Weapons Level 1  
  58  5:27  Barracks  
  58  5:28  Missile Turret  
  57  5:31  Missile Turret  
  57  5:38  SCV x2  
  59  5:49  Medivac x2  
  63  5:50  SCV  
  64  5:58  Starport  
  64  6:03  SCV x2  
  66  6:14  Supply Depot x2  
  66  6:15  SCV x2  
  68  6:19  Medivac  
  70  6:35  SCV, Marine x4, Medivac  
  70  6:36  Marauder  
  79  6:41  Starport Tech Lab  
  79  6:45  Armory  
  78  6:53  Marine  
  66  7:25  Medivac x2  
  66  7:26  Viking  
  66  7:27  Marine x2  
  66  7:28  Marine x3  
  77  7:33  Refinery  
  77  7:38  Command Center  
  77  7:41  Supply Depot  
  77  7:45  Marine x3  
  77  7:46  Marine x2  
  77  7:47  Supply Depot  
  82  7:57  SCV x2  
Show
View Real Time Build Order
Export as new Build Order

dallaskuken Protoss 

Build Orders:  

Get SALT Encoding   

  12  0:01  Probe (Chrono Boost)  
  13  0:12  Probe (Chrono Boost)  
  14  0:21  Pylon  
  14  0:22  Probe (Chrono Boost)  
  15  0:39  Probe (Chrono Boost)  
  16  0:49  Gateway  
  17  0:57  Probe (Chrono Boost)  
  17  1:03  Gateway  
  17  1:07  Probe (Chrono Boost)  
  18  1:21  Probe (Chrono Boost)  
  19  1:27  Pylon  
  19  1:28  Pylon  
  19  1:42  Pylon  
  20  1:54  Probe (Chrono Boost)  
  20  1:57  Zealot  
  20  1:59  Cybernetics Core  
  20  2:00  Zealot  
  24  2:25  Probe (Chrono Boost)  
  24  2:26  Assimilator  
  24  2:29  Assimilator  
  21  3:10  Zealot  
  21  3:13  Zealot  
  25  3:25  Probe (Chrono Boost)  
  26  3:33  Warp Gate  
  26  3:37  Probe (Chrono Boost)  
  27  3:54  Stalker, Nexus  
  27  3:56  Pylon  
  27  3:58  Stalker, Pylon  
  29  4:23  Sentry  
  18  4:33  Probe (Chrono Boost)  
  16  4:44  Probe (Chrono Boost)  
  17  4:54  Probe (Chrono Boost)  
  18  5:05  Probe (Chrono Boost)  
  19  5:15  Probe (Chrono Boost)  
  20  5:26  Probe (Chrono Boost)  
  21  5:29  Forge  
  21  5:35  Pylon, Nexus  
  21  5:37  Pylon, Probe (Chrono Boost)  
  22  5:44  Pylon  
  22  5:47  Pylon, Probe (Chrono Boost)  
  23  6:05  Robotics Facility  
  23  6:22  Stalker  
  23  6:23  Stalker  
  24  6:47  Probe (Chrono Boost)  
  25  6:54  Stalker x2  
  25  6:58  Probe (Chrono Boost)  
  25  7:01  Probe (Chrono Boost)  
  32  7:08  Probe (Chrono Boost)  
  32  7:11  Probe (Chrono Boost)  
  33  7:22  Probe (Chrono Boost)  
  22  7:32  Probe (Chrono Boost)  
  22  7:35  Immortal  
  22  7:37  Stalker  
  29  7:43  Probe (Chrono Boost)  
  28  7:53  Probe (Chrono Boost)  
  28  7:57  Sentry  
Show
View Real Time Build Order
Export as new Build Order

Loken Protoss 

Build Orders:  

Get SALT Encoding   

  12  0:02  Probe (Chrono Boost)  
  13  0:12  Probe (Chrono Boost)  
  14  0:19  Pylon  
  14  0:23  Probe (Chrono Boost)  
  15  0:38  Probe (Chrono Boost)  
  15  0:42  Gateway  
  16  0:48  Probe (Chrono Boost)  
  17  0:53  Assimilator  
  17  0:56  Assimilator  
  17  0:59  Probe (Chrono Boost)  
  18  1:10  Probe (Chrono Boost)  
  19  1:14  Pylon  
  19  1:20  Probe (Chrono Boost)  
  20  1:26  Zealot  
  20  1:32  Probe (Chrono Boost)  
  23  1:33  Cybernetics Core  
  23  1:44  Probe (Chrono Boost)  
  24  1:50  Zealot  
  26  1:56  Gateway, Probe (Chrono Boost)  
  27  2:03  Warp Gate  
  27  2:07  Gateway  
  27  2:21  Stalker  
  27  2:25  Probe (Chrono Boost)  
  27  2:26  Pylon  
  30  2:39  Pylon  
  30  2:42  Pylon  
  30  3:02  Probe (Chrono Boost)  
  31  3:06  Stalker  
  31  3:07  Stalker x2  
  37  3:25  Stargate  
  37  3:44  Probe (Chrono Boost)  
  38  3:53  Nexus  
  39  3:56  Probe (Chrono Boost)  
  38  4:18  Zealot x3  
  44  4:37  Void Ray  
  46  4:47  Probe (Chrono Boost)  
  46  4:50  Zealot x2  
  51  4:59  Probe (Chrono Boost)  
  52  5:15  Zealot x3, Void Ray  
  62  5:27  Pylon  
  62  5:40  Zealot x3  
  51  5:58  Probe (Chrono Boost)  
  51  6:05  Probe (Chrono Boost)  
  51  6:10  Probe (Chrono Boost)  
  53  6:15  Probe (Chrono Boost)  
  54  6:22  Probe (Chrono Boost)  
  55  6:26  Probe (Chrono Boost)  
  55  6:32  Probe (Chrono Boost)  
  57  6:36  Probe (Chrono Boost)  
  58  6:43  Probe (Chrono Boost)  
  58  6:47  Probe (Chrono Boost)  
  58  6:53  Probe (Chrono Boost)  
  59  6:57  Probe (Chrono Boost)  
  48  7:04  Probe (Chrono Boost)  
  48  7:08  Probe (Chrono Boost)  
  38  7:15  Stalker x3  
  34  7:17  Void Ray  
  34  7:20  Probe (Chrono Boost)  
  39  7:31  Probe (Chrono Boost)  
  40  7:41  Probe (Chrono Boost)  
  40  7:42  Fleet Beacon  
  41  7:45  Probe (Chrono Boost)  
  42  7:52  Probe (Chrono Boost)  
  42  7:55  Probe (Chrono Boost)  
  44  8:06  Stargate  
Tags
 
Add a new tag
Caveats
  • Supply blocks, unpowered buildings, or Contaminate may cause inaccurate times.
  • Supply counts are checked every 10 seconds.